wait untill people learn how to use scotts :P nerf USF clow fest

Match 28707635
End
Pioneer Squad
Construct Infanterie Kompanie
Selects Breakthrough Battlegroup
Grenadier Squad
Grenadier Squad
MG 42 Machine Gun Team
Construct Panzergrenadier Kompanie
Selects Assault Grenadiers
Panzergrenadier Squad
Pak 40 Anti-tank Gun Team
Selects Smoke Bombing Run
Medical Station
Selects Mechanized Assault Group
Mechanized Assault Group
Selects Rapid Production
Panzergrenadier Squad
Selects Blitzkrieg
Panzergrenadier Squad
Calyon
Zuntew
0
0

Comments sign in to comment!

IIGaryII 11 months ago

Unfortunatly, the situation is very simple for the WM vs US. If the WM see 2 M8 Scott at 10min => Do not loose your time, just give up and say "gg" !! ... "All in" M8 Scott have not any counter. US player can call it with 3 Commander Points (between 7 at 9 min, depending of hard fights).That cost same resources than Greyhound. Counter options ... does not exist. PzScreck of Jager have not enough range (-10m) and income ammunition is slower than fuel needed for 1 M8 Scott (3 min for a PzSchreck, 2 min for a M8 Scott). 3 PaK40 and view ("8 Rad" or KettenKrad, not 221 with radio because it is not the same building ... T2) needed to trap 1 Scott. But, PaK40 can miss shoot, and M8 Scott have vet 1, with phophor smoke... So Phophor smoke put on PaK40 and MG <=> Death + free movement for US infantry. StuG, Marder ... impossible => They can come at 10-11min, too late, and without any veteran, and no heal options for infantry... So easy win for US player, and nightmare for WM player... ... ... Now Devs Relic have many options to equilibrate the match up : M8 Scott cannot shoot "in movement", or PzSchreck (90 => 75 ammunitions ; Range +10m), or Commander Point 2 => 3 (M8 Scott snow ball impossible before StuG, Marder, Panzer IV options)... maybe a couple of these things !! Relic devs must do something quickly ... WM and DaK became very difficult to play for a "good victory" chance, and "impossible" sometimes.